 Dungeon Crawl Stone Soup version 0.16.1-51-g6203257 (webtiles) character file.

450 OxoTHuK the Archer (level 6, -3/50 HPs)
             Began as a Centaur Hunter on July 30, 2015.
             Killed from afar by an orc wizard (9 damage)
             ... with a puff of frost
             ... on level 4 of the Dungeon.
             The game lasted 00:29:44 (3798 turns).

OxoTHuK the Archer (Centaur Hunter)                 Turns: 3798, Time: 00:29:45

Health: -3/50      AC:  5    Str: 15    XL:     6   Next: 74%
Magic:  5/5        EV: 10    Int: 13    God:
Gold:   227        SH:  0    Dex: 11    Spells: 0 memorised, 5 levels left

rFire  . . .     SeeInvis .     e - +2 dagger (holy)
rCold  . . .     Clarity  .     v - +0 leather armour
rNeg   . . .     SustAb   .     (no shield)
rPois  .         Gourm    .     (no helmet)
rElec  .         Spirit   .     (no cloak)
rCorr  .         Warding  .     r - +0 pair of gloves
rMut   .         Rnd*Tele +     (no barding)
MR     .....                    j - amulet of regeneration
Stlth  +.........               d - ring of teleportation (curse)
                                u - -2 ring of intelligence (curse)

@: brilliant, very quick, not resistant to hostile enchantments, very unstealthy
A: hooves 3, deformed body, speed 2, tough skin 3
a: Evoke Teleportation


You were on level 4 of the Dungeon.
You were not hungry.

You visited 1 branch of the dungeon, and saw 4 of its levels.

You collected 227 gold pieces.

Inventory:

Hand weapons
 a - a +0 short sword
 b - a +1 shortbow
 e - a +2 dagger of holy wrath (weapon)
Missiles
 p - 14 arrows
Armour
 r - a +0 pair of gloves (worn)
 v - a +0 leather armour (worn)
 z - a +0 leather armour
 A - a +0 leather armour
Jewellery
 d - a cursed ring of teleportation (right hand)
 j - an amulet of regeneration (around neck)
 t - an uncursed ring of poison resistance
 u - a cursed -2 ring of intelligence (left hand)
Magical devices
 i - a wand of frost (20)
 w - a wand of fireball (4)
Scrolls
 h - 6 scrolls of identify
 k - a scroll of fog
 l - a scroll of teleportation
 s - a scroll of noise
 x - a scroll of fear {unknown}
 y - a scroll of recharging {unknown}
Potions
 m - a potion of invisibility {unknown}
 o - a potion of restore abilities
 q - a potion of poison {unknown}
Comestibles
 f - 6 bread rations
 g - 2 meat rations
 B - 2 chunks of flesh


   Skills:
 + Level 2.4 Fighting
 + Level 0.3 Short Blades
 * Level 9.3 Bows
 + Level 1.8 Armour
 + Level 2.2 Dodging
 + Level 0.5 Stealth


You had 5 spell levels left.
You didn't know any spells.

Dungeon Overview and Level Annotations

Branches:
Dungeon (4/15)
 Temple: D:4-7

Altars:
Cheibriados
Ru


Innate Abilities, Weirdness & Mutations

You have hooves in place of feet.
Armour fits poorly on your strangely shaped body.
You cover ground very quickly.
You have extremely tough skin (AC +3).


Message History

As you read the scroll of teleportation, it crumbles to dust.
You feel strangely unstable.
The orc priest hits you but does no damage.
The orc wizard becomes somewhat translucent.
Read which item? (? for menu, Esc to quit)
As you read the scroll of teleportation, it crumbles to dust.
You feel strangely stable. The orc wizard hits you with a dagger.
* * * LOW HITPOINT WARNING * * *
The orc priest barely misses you.
The orc wizard hits you but does no damage.
The orc priest hits you but does no damage.
The orc wizard hits you but does no damage.
The orc wizard is no longer moving quickly.
The orc wizard hits you with a dagger.
* * * LOW HITPOINT WARNING * * *
The orc priest prays to Beogh.
You feel troubled.
The orc wizard points at you and mumbles some strange words.
The puff of frost hits you!
You die...

### #########.##
#########........#.#
###########.........#######.##
.........##.##...#### #.#
.#######.##.#.....# #.# .#
#........##.o@## #.# .#
#.###.######o## #####.#####
.###.###.## #.# #..........
..........# #.# #.#.#)###..
##.#.####.# ##'## #....[.....
#.#.# #.# ##...## #...#)##...
#.#.## #.###.....## #...#.>#...
#.#..###.##.......## #......#...
#.#...##.#.........###..........


You could see an orc priest and an orc wizard.

Vanquished Creatures
  Sigmund (D:3)
  The ghost of krupnik16 the Sneak, an average VSAs (D:3)
  An orc priest (D:4)
  3 orc wizards
  Ijyb (D:2)
  8 adders
  2 worms
  An ooze (D:2)
  12 orcs
  A ball python (D:3)
  6 giant cockroaches
  11 hobgoblins
  9 jackals
  5 bats
  A giant gecko (D:3)
  17 goblins
  5 kobolds
  A quokka (D:2)
  9 rats
95 creatures vanquished.

Notes
Turn   | Place    | Note
--------------------------------------------------------------
     0 | D:1      | OxoTHuK, the Centaur Hunter, began the quest for the Orb.
     0 | D:1      | Reached XP level 1. HP: 17/17 MP: 1/1
   198 | D:1      | Reached XP level 2. HP: 24/24 MP: 2/2
   234 | D:1      | Reached skill level 6 in Bows
   712 | D:2      | Found a snail-covered altar of Cheibriados.
   738 | D:2      | Reached XP level 3. HP: 26/29 MP: 3/3
   857 | D:2      | Noticed Ijyb
   857 | D:2      | Reached skill level 7 in Bows
   875 | D:2      | Killed Ijyb
   875 | D:2      | Reached XP level 4. HP: 33/36 MP: 3/3
  1550 | D:3      | Reached XP level 5. HP: 34/42 MP: 4/4
  1826 | D:3      | Noticed krupnik16's ghost (average VSAs)
  1864 | D:3      | Reached skill level 1 in Armour
  1880 | D:3      | Killed krupnik16's ghost
  1880 | D:3      | Reached skill level 8 in Bows
  2160 | D:3      | Reached XP level 6. HP: 49/49 MP: 5/5
  2209 | D:3      | Noticed Sigmund
  2442 | D:3      | Killed Sigmund
  2878 | D:4      | Reached skill level 9 in Bows
  3072 | D:4      | Found a sacrificial altar of Ru.
  3798 | D:4      | Killed from afar by an orc wizard

Action                   |  1- 3 |  4- 6 || total
-------------------------+-------+-------++-------
Melee: Dagger            |    26 |   179 ||   205
 Fire: Shortbow          |    98 |   110 ||   208
  Use: Scroll            |       |     6 ||     6
       Potion            |       |     3 ||     3
  Eat: Chunk             |       |     6 ||     6
       Meat ration       |       |     1 ||     1
